[ AOE2 MATCH · #457741563 ]
UnrankedIncas vs Mapuche
[ REPLAY ANALYSIS · EXTRACTED FROM THE RECORDED GAME ]
Feudal
12:50
Castle
16:57
Imperial
—
| APM avg | 26.8 |
| APM peak | 58 |
| eAPM avg | 11.2 |
| Villagers / military | 46 / 11 |
Focus
⚔️ 23.8% · 🌾 76.2%
Petard ×10 · Fishing Ship ×6 · Unknown (2550) ×5 · Battering Ram ×1
Feudal
13:02
Castle
21:37
Imperial
—
| APM avg | 22.3 |
| APM peak | 61 |
| eAPM avg | 12.5 |
| Villagers / military | 77 / 11 |
Focus
⚔️ 25.6% · 🌾 74.4%
Unknown (2626) ×12 · Fishing Ship ×9 · Fire Galley ×8 · Bolas Rider ×3
Feudal
12:17
Castle
21:54
Imperial
—
| APM avg | 40.5 |
| APM peak | 84 |
| eAPM avg | 17.4 |
| Villagers / military | 59 / 11 |
Focus
⚔️ 29.9% · 🌾 70.1%
Galley ×8 · Fishing Ship ×5 · Knight ×2 · Demolition Raft ×1
Feudal
13:08
Castle
22:16
Imperial
—
| APM avg | 26.1 |
| APM peak | 69 |
| eAPM avg | 13.0 |
| Villagers / military | 58 / 5 |
Focus
⚔️ 11.2% · 🌾 88.8%
Fishing Ship ×11 · Fire Galley ×3 · Spearman ×2 · Unknown (2626) ×1
Feudal
13:06
Castle
18:48
Imperial
—
| APM avg | 34.8 |
| APM peak | 46 |
| eAPM avg | 20.5 |
| Villagers / military | 48 / 20 |
Focus
⚔️ 35.4% · 🌾 64.6%
Fishing Ship ×14 · Samurai ×12 · Fire Galley ×5 · Battering Ram ×3 · Unknown (2626) ×1
Feudal
14:45
Castle
24:28
Imperial
—
| APM avg | 20.0 |
| APM peak | 65 |
| eAPM avg | 8.3 |
| Villagers / military | 24 / 6 |
Focus
⚔️ 10.4% · 🌾 89.6%
Fishing Ship ×19 · Knight ×5 · Demolition Raft ×1
Match map
Initial resources + every placement click. Lines = walls · curves = elevation contours. ◆ gold · ⬟ stone · ● berries · ✦ relic · ◌ wall gap
Your base· Open — unwalled flank
lorddoc's base· Open — 6t gap
Chili's base· Open — 11t gap
LT_OmniSK's base· Open — unwalled flank
the_dolphin_killing_Penguin's base· Open — unwalled flank
Psycobast's base· Open — 6t gap
Smoothed initial terrain · ◌ = detected wall gap · hover for details
Inputs per minute
— Confiturier - - lorddoc
Build order — Confiturier
119 actions detected in the replay
| 0:08 | Build | House |
| 0:34 | Build | Town Center |
| 1:45 | Build | Dock |
| 2:44 | Create | Villager (Male) |
| 2:45 | Create | Villager (Male) |
| 2:45 | Create | Villager (Male) |
| 3:04 | Create | Villager (Male) |
| 4:03 | Create | Fishing Ship |
| 4:23 | Create | Villager (Male) |
| 4:42 | Create | Fishing Ship |
| 4:46 | Research | Loom |
| 5:18 | Create | Villager (Male) |
| 5:50 | Create | Villager (Male) |
| 5:51 | Create | Villager (Male) |
| 6:14 | Build | House |
| 6:35 | Create | Villager (Male) |
| 6:36 | Create | Fishing Ship |
| 7:05 | Create | Villager (Male) |
| 7:05 | Create | Villager (Male) |
| 7:08 | Build | House |
| 7:34 | Create | Fishing Ship |
| 7:55 | Create | Villager (Male) |
| 8:37 | Create | Villager (Male) |
| 8:49 | Create | Fishing Ship |
| 9:04 | Build | Settlement |
| 9:09 | Create | Villager (Male) |
| 9:34 | Create | Villager (Male) |
| 10:03 | Create | Villager (Male) |
| 10:28 | Create | Villager (Male) |
| 10:31 | Create | Fishing Ship |
| 10:38 | Research | Feudal Age |
| 10:59 | Build | Settlement |
| 12:36 | Build | Barracks |
| 12:41 | Create | Villager (Male) |
| 12:50 | Age | Feudal Age |
| 12:58 | Build | Market |
| 13:05 | Create | Villager (Male) |
| 13:27 | Build | Blacksmith |
| 13:37 | Build | Palisade Wall |
| 13:41 | Build | Palisade Wall |
| 13:45 | Build | Palisade Wall |
| 13:47 | Create | Villager (Male) |
| 14:17 | Research | Castle Age |
| 14:34 | Build | Barracks |
| 14:44 | Build | Palisade Wall |
| 15:06 | Research | Double-Bit Axe |
| 15:06 | Research | Horse Collar |
| 15:08 | Build | Farm |
| 15:30 | Build | Farm |
| 15:51 | Build | Barracks |
| 15:54 | Create | Villager (Male) |
| 15:58 | Research | Scale Mail Armor |
| 16:12 | Build | Palisade Wall |
| 16:18 | Build | Palisade Wall |
| 16:20 | Build | Palisade Wall |
| 16:26 | Build | Barracks |
| 16:57 | Age | Castle Age |
| 17:02 | Research | Tech 1402 |
| 17:13 | Build | Siege Workshop |
| 17:16 | Create | Villager (Male) |
| 17:23 | Research | Arson |
| 17:30 | Create | Villager (Male) |
| 17:52 | Build | Farm |
| 17:57 | Build | Farm |
| 17:59 | Build | Farm |
| 18:09 | Create | Villager (Male) |
| 18:11 | Create | Unit 2550 |
| 18:20 | Build | Farm |
| 18:23 | Build | Farm |
| 18:25 | Create | Villager (Male) |
| 18:56 | Create | Battering Ram |
| 18:58 | Create | Villager (Male) |
| 19:11 | Build | Farm |
| 19:19 | Create | Villager (Male) |
| 19:21 | Research | Tech 1351 |
| 19:27 | Build | Farm |
| 19:44 | Create | Unit 2550 ×2 |
| 19:59 | Create | Unit 2550 |
| 20:14 | Research | Squires |
| 20:14 | Create | Unit 2550 |
| 20:32 | Create | Villager (Male) |
| 20:38 | Build | Archery Range |
| 20:56 | Create | Villager (Male) |
| 21:11 | Research | Padded Archer Armor |
| 21:25 | Create | Villager (Male) |
| 21:40 | Build | Archery Range |
| 21:49 | Create | Villager (Male) |
| 22:12 | Build | Town Center |
| 22:14 | Create | Villager (Male) |
| 22:17 | Create | Petard |
| 22:30 | Build | Farm |
| 22:34 | Create | Petard |
| 22:40 | Create | Petard |
| 23:02 | Build | House |
| 23:14 | Create | Petard ×3 |
| 23:16 | Create | Villager (Male) |
| 23:41 | Create | Villager (Male) |
| 23:43 | Build | Farm |
| 23:46 | Build | Farm |
| 23:53 | Create | Villager (Male) |
| 24:03 | Build | Farm |
| 24:05 | Create | Villager (Male) |
| 24:15 | Create | Petard |
| 24:22 | Create | Villager (Male) |
| 24:24 | Build | Farm |
| 24:27 | Build | Farm |
| 24:48 | Create | Villager (Male) |
| 24:52 | Create | Villager (Male) |
| 24:56 | Build | Farm |
| 24:57 | Build | Farm |
| 24:57 | Create | Villager (Male) |
| 25:17 | Create | Villager (Male) |
| 25:30 | Build | University |
| 25:31 | Create | Villager (Male) |
| 25:39 | Create | Villager (Male) |
| 26:03 | Create | Villager (Male) |
| 26:12 | Create | Petard ×3 |
| 26:39 | Create | Villager (Male) |
| 26:40 | Create | Villager (Male) |
Build order — lorddoc
First 150 of 160 actions detected
| 0:45 | Build | Town Center |
| 0:53 | Build | Dock |
| 0:57 | Build | House |
| 0:59 | Build | Palisade Wall |
| 2:50 | Create | Villager (Male) |
| 2:50 | Create | Villager (Male) |
| 2:50 | Create | Villager (Male) |
| 2:52 | Create | Villager (Male) |
| 3:59 | Research | Loom |
| 4:22 | Create | Fishing Ship |
| 4:47 | Create | Villager (Male) |
| 5:12 | Build | House |
| 5:20 | Create | Villager (Male) |
| 5:40 | Create | Villager (Male) |
| 5:41 | Create | Villager (Male) |
| 6:18 | Create | Fishing Ship |
| 6:19 | Create | Villager (Male) |
| 6:37 | Build | House |
| 6:39 | Build | Palisade Wall |
| 6:48 | Create | Villager (Male) |
| 7:08 | Create | Villager (Male) |
| 7:25 | Create | Fishing Ship |
| 7:37 | Create | Villager (Male) |
| 7:52 | Build | House |
| 8:04 | Create | Villager (Male) |
| 8:28 | Create | Fishing Ship |
| 8:41 | Create | Villager (Male) |
| 8:56 | Build | Settlement |
| 9:09 | Create | Villager (Male) |
| 9:10 | Create | Villager (Male) |
| 9:19 | Create | Fishing Ship |
| 9:40 | Build | House |
| 9:51 | Create | Villager (Male) |
| 10:14 | Create | Villager (Male) |
| 10:39 | Create | Fishing Ship |
| 10:52 | Research | Feudal Age |
| 11:09 | Build | Settlement |
| 11:45 | Build | Dock |
| 12:21 | Create | Villager (Male) |
| 12:21 | Create | Villager (Male) |
| 12:35 | Build | Palisade Wall |
| 12:36 | Build | Palisade Wall |
| 13:02 | Age | Feudal Age |
| 13:03 | Create | Unit 2626 |
| 13:04 | Create | Unit 2626 |
| 13:06 | Research | Double-Bit Axe |
| 13:08 | Create | Villager (Male) |
| 13:19 | Build | Settlement |
| 13:21 | Create | Villager (Male) |
| 13:38 | Create | Unit 2626 |
| 13:39 | Create | Unit 2626 |
| 13:57 | Create | Fire Galley |
| 14:17 | Create | Fire Galley |
| 14:22 | Create | Villager (Male) |
| 14:37 | Create | Unit 2626 |
| 14:43 | Create | Villager (Male) |
| 14:49 | Create | Villager (Male) |
| 14:59 | Create | Fire Galley |
| 15:01 | Create | Villager (Male) |
| 15:13 | Create | Villager (Male) |
| 15:26 | Create | Fire Galley |
| 15:27 | Create | Fire Galley |
| 15:28 | Create | Villager (Male) |
| 15:40 | Create | Villager (Male) |
| 15:52 | Create | Fire Galley |
| 16:07 | Create | Fire Galley |
| 16:09 | Create | Villager (Male) |
| 16:15 | Build | House |
| 16:17 | Build | House |
| 16:18 | Build | House |
| 16:43 | Create | Villager (Male) |
| 17:07 | Create | Villager (Male) |
| 17:17 | Create | Villager (Male) |
| 17:23 | Create | Villager (Male) |
| 17:45 | Build | Market |
| 17:48 | Build | Blacksmith |
| 18:03 | Create | Villager (Male) |
| 18:10 | Create | Villager (Male) |
| 18:19 | Create | Villager (Male) |
| 18:57 | Research | Castle Age |
| 19:20 | Create | Villager (Male) |
| 19:25 | Create | Unit 2626 |
| 19:26 | Create | Fire Galley |
| 19:27 | Create | Unit 2626 |
| 19:29 | Create | Villager (Male) |
| 19:33 | Create | Villager (Male) |
| 20:23 | Create | Villager (Male) |
| 20:39 | Create | Unit 2626 |
| 20:40 | Create | Unit 2626 |
| 20:40 | Create | Unit 2626 |
| 21:22 | Create | Villager (Male) |
| 21:37 | Age | Castle Age |
| 21:40 | Build | Town Center |
| 21:44 | Build | Town Center |
| 21:48 | Build | Palisade Wall |
| 21:49 | Build | Palisade Wall |
| 21:54 | Research | War Galley (upgrade) |
| 22:08 | Build | Town Center |
| 22:18 | Create | Villager (Male) |
| 22:28 | Create | Unit 2626 |
| 22:29 | Create | Unit 2626 |
| 22:38 | Build | House |
| 22:39 | Build | House |
| 22:59 | Create | Villager (Male) |
| 23:01 | Create | Villager (Male) |
| 23:16 | Build | Farm |
| 23:17 | Build | Farm |
| 23:17 | Build | Farm |
| 23:17 | Build | Farm |
| 23:22 | Create | Villager (Male) |
| 23:31 | Create | Villager (Male) |
| 23:34 | Create | Villager (Male) |
| 23:39 | Research | Horse Collar |
| 23:42 | Create | Villager (Male) |
| 23:50 | Create | Villager (Male) |
| 23:56 | Create | Fishing Ship |
| 23:57 | Create | Fishing Ship |
| 24:16 | Create | Villager (Male) |
| 24:22 | Build | Settlement |
| 24:25 | Create | Villager (Male) |
| 24:30 | Create | Villager (Male) |
| 24:38 | Create | Villager (Male) |
| 24:49 | Create | Villager (Male) |
| 24:56 | Create | Villager (Male) |
| 24:57 | Create | Villager (Male) |
| 25:03 | Build | Settlement |
| 25:04 | Create | Villager (Male) |
| 25:05 | Create | Villager (Male) |
| 25:09 | Create | Villager (Male) |
| 25:15 | Create | Villager (Male) |
| 25:21 | Create | Villager (Male) |
| 25:26 | Build | Barracks |
| 25:27 | Create | Villager (Male) |
| 25:32 | Build | Settlement |
| 25:33 | Create | Villager (Male) |
| 25:42 | Build | Dock |
| 25:49 | Create | Fishing Ship |
| 25:52 | Create | Villager (Male) |
| 25:56 | Create | Villager (Male) |
| 25:56 | Create | Villager (Male) |
| 25:58 | Create | Villager (Male) |
| 26:08 | Create | Villager (Male) |
| 26:13 | Create | Villager (Male) |
| 26:17 | Create | Villager (Male) |
| 26:22 | Create | Villager (Male) |
| 26:24 | Create | Villager (Male) |
| 26:32 | Research | Wheelbarrow |
| 26:33 | Create | Villager (Male) |
| 26:33 | Create | Villager (Male) |
| 26:41 | Create | Villager (Male) |
Build order — Chili
140 actions detected in the replay
| 0:03 | Build | Town Center |
| 1:17 | Build | Dock |
| 1:18 | Build | House |
| 2:23 | Create | Villager (Male) |
| 2:23 | Create | Villager (Male) |
| 2:23 | Create | Villager (Male) |
| 2:33 | Create | Villager (Male) |
| 3:15 | Research | Loom |
| 3:25 | Create | Fishing Ship |
| 4:00 | Build | House |
| 4:35 | Create | Villager (Male) |
| 4:51 | Create | Villager (Male) |
| 4:54 | Create | Fishing Ship |
| 5:30 | Create | Villager (Male) |
| 5:38 | Build | House |
| 5:52 | Create | Villager (Male) |
| 6:06 | Create | Fishing Ship |
| 6:22 | Create | Villager (Male) |
| 6:42 | Create | Villager (Male) |
| 6:48 | Build | House |
| 6:52 | Create | Villager (Male) |
| 7:22 | Create | Villager (Male) |
| 7:44 | Create | Fishing Ship |
| 8:01 | Create | Villager (Male) |
| 8:01 | Create | Villager (Male) |
| 8:04 | Create | Villager (Male) |
| 8:10 | Create | Fishing Ship |
| 8:11 | Create | Villager (Male) |
| 8:31 | Create | Villager (Male) |
| 9:05 | Build | Lumber Camp |
| 10:03 | Research | Feudal Age |
| 10:17 | Build | Mining Camp |
| 10:41 | Create | Villager (Male) |
| 10:58 | Build | House |
| 11:24 | Create | Villager (Male) |
| 11:30 | Build | Dock |
| 11:55 | Create | Villager (Male) |
| 12:17 | Age | Feudal Age |
| 12:22 | Create | Galley |
| 12:23 | Create | Galley |
| 12:27 | Build | House |
| 12:34 | Research | Double-Bit Axe |
| 12:35 | Create | Villager (Male) |
| 12:43 | Create | Villager (Male) |
| 12:51 | Build | Blacksmith |
| 12:52 | Build | House |
| 12:57 | Create | Villager (Male) |
| 13:10 | Build | Palisade Wall |
| 13:41 | Create | Villager (Male) |
| 13:43 | Create | Galley |
| 13:43 | Create | Galley |
| 13:56 | Research | Fletching |
| 14:04 | Build | House |
| 14:09 | Create | Villager (Male) |
| 14:17 | Build | House |
| 15:33 | Create | Galley |
| 15:34 | Create | Galley |
| 15:56 | Create | Villager (Male) |
| 16:36 | Create | Galley |
| 16:36 | Create | Galley |
| 16:46 | Create | Villager (Male) |
| 16:54 | Build | Mill |
| 17:06 | Create | Demolition Raft |
| 17:19 | Create | Villager (Male) |
| 18:20 | Create | Villager (Male) |
| 18:26 | Build | Market |
| 18:28 | Create | Villager (Male) |
| 18:31 | Create | Villager (Male) |
| 19:12 | Research | Castle Age |
| 19:28 | Research | Horse Collar |
| 20:04 | Build | Mining Camp |
| 20:45 | Build | Farm |
| 20:47 | Build | Farm |
| 20:48 | Build | Farm |
| 20:56 | Build | Farm |
| 20:58 | Create | Villager (Male) |
| 21:43 | Build | Barracks |
| 21:54 | Age | Castle Age |
| 21:55 | Build | Town Center |
| 21:57 | Research | Bow Saw |
| 21:58 | Create | Villager (Male) |
| 22:03 | Build | House |
| 22:05 | Build | Palisade Wall |
| 22:07 | Create | Villager (Male) |
| 22:13 | Build | Lumber Camp |
| 22:36 | Research | Heavy Plow |
| 22:38 | Create | Villager (Male) |
| 23:00 | Create | Villager (Male) |
| 23:05 | Build | Stable |
| 23:14 | Create | Villager (Male) |
| 23:35 | Build | Farm |
| 23:38 | Build | Farm |
| 23:48 | Create | Villager (Male) |
| 23:49 | Create | Villager (Male) |
| 23:50 | Create | Villager (Male) |
| 23:50 | Create | Villager (Male) |
| 24:02 | Create | Villager (Male) |
| 24:07 | Build | Town Center |
| 24:15 | Create | Knight |
| 24:16 | Create | Knight |
| 24:21 | Build | Farm |
| 24:24 | Build | Farm |
| 24:27 | Build | Farm |
| 24:28 | Create | Villager (Male) |
| 24:28 | Create | Villager (Male) |
| 24:32 | Build | Farm |
| 24:38 | Create | Villager (Male) |
| 24:39 | Create | Villager (Male) |
| 24:45 | Build | Farm |
| 25:19 | Create | Villager (Male) |
| 25:19 | Create | Villager (Male) |
| 25:26 | Build | Farm |
| 25:27 | Build | Farm |
| 25:29 | Build | Farm |
| 25:30 | Create | Villager (Male) |
| 25:34 | Build | Farm |
| 25:36 | Build | Farm |
| 25:55 | Create | Villager (Male) |
| 25:56 | Create | Villager (Male) |
| 25:56 | Create | Villager (Male) |
| 25:59 | Research | Wheelbarrow |
| 26:03 | Build | Farm |
| 26:03 | Build | Farm |
| 26:03 | Build | Farm |
| 26:04 | Build | Farm |
| 26:04 | Build | Farm |
| 26:04 | Build | Farm |
| 26:04 | Build | Farm |
| 26:07 | Create | Villager (Male) |
| 26:27 | Create | Villager (Male) |
| 26:28 | Create | Villager (Male) |
| 26:33 | Build | Farm |
| 26:35 | Create | Villager (Male) |
| 26:42 | Create | Villager (Male) |
| 26:45 | Build | Farm |
| 26:48 | Build | Farm |
| 26:52 | Build | Farm |
| 26:54 | Build | Farm |
| 26:55 | Create | Villager (Male) |
| 27:02 | Create | Villager (Male) |
Build order — LT_OmniSK
129 actions detected in the replay
| 0:26 | Build | Town Center |
| 1:41 | Build | House |
| 1:51 | Build | House |
| 2:05 | Build | Dock |
| 2:30 | Build | House |
| 2:43 | Create | Villager (Male) |
| 2:44 | Create | Villager (Male) |
| 2:45 | Create | Villager (Male) |
| 2:45 | Create | Villager (Male) |
| 4:13 | Create | Villager (Male) |
| 4:44 | Create | Fishing Ship |
| 5:00 | Create | Villager (Male) |
| 5:00 | Create | Villager (Male) |
| 5:04 | Build | House |
| 5:23 | Create | Villager (Male) |
| 5:24 | Create | Villager (Male) |
| 6:00 | Research | Loom |
| 6:13 | Create | Villager (Male) |
| 6:39 | Create | Fishing Ship |
| 6:58 | Create | Fishing Ship |
| 7:02 | Create | Villager (Male) |
| 7:09 | Build | House |
| 7:24 | Create | Villager (Male) |
| 7:56 | Create | Fishing Ship |
| 8:02 | Create | Villager (Male) |
| 8:03 | Create | Villager (Male) |
| 8:06 | Build | House |
| 8:21 | Create | Villager (Male) |
| 8:34 | Create | Fishing Ship |
| 9:11 | Create | Villager (Male) |
| 9:25 | Create | Fishing Ship |
| 9:26 | Create | Villager (Male) |
| 9:29 | Build | House |
| 9:53 | Create | Villager (Male) |
| 10:20 | Create | Villager (Male) |
| 10:23 | Build | Lumber Camp |
| 10:28 | Build | House |
| 10:52 | Research | Feudal Age |
| 11:17 | Build | Mill |
| 11:47 | Create | Fishing Ship |
| 12:16 | Create | Villager (Male) |
| 12:25 | Create | Villager (Male) |
| 12:48 | Build | Dock |
| 13:08 | Age | Feudal Age |
| 13:13 | Build | Watch Tower |
| 13:19 | Build | House |
| 13:24 | Build | House |
| 13:27 | Create | Villager (Male) |
| 13:34 | Create | Fire Galley |
| 14:02 | Create | Unit 2626 |
| 14:05 | Create | Villager (Male) |
| 14:18 | Build | House |
| 14:23 | Research | Double-Bit Axe |
| 14:31 | Build | Mill |
| 14:36 | Create | Villager (Male) |
| 14:58 | Create | Villager (Male) |
| 15:13 | Create | Villager (Male) |
| 15:35 | Create | Fire Galley |
| 15:39 | Create | Villager (Male) |
| 15:50 | Create | Villager (Male) |
| 15:50 | Create | Villager (Male) |
| 16:09 | Build | Mill |
| 16:26 | Build | Mill |
| 16:34 | Build | Barracks |
| 16:50 | Build | Mill |
| 17:03 | Create | Fishing Ship |
| 17:06 | Create | Villager (Male) |
| 17:08 | Create | Villager (Male) |
| 17:50 | Create | Fire Galley |
| 17:53 | Create | Villager (Male) |
| 18:24 | Build | Blacksmith |
| 18:34 | Build | Market |
| 18:39 | Create | Villager (Male) |
| 18:42 | Create | Villager (Male) |
| 19:00 | Create | Spearman |
| 19:37 | Research | Castle Age |
| 19:54 | Build | Mining Camp |
| 20:07 | Build | Lumber Camp |
| 20:16 | Create | Fishing Ship |
| 20:35 | Create | Villager (Male) |
| 20:52 | Research | Stone Mining |
| 21:01 | Build | House |
| 21:02 | Build | House |
| 21:19 | Build | House |
| 21:21 | Build | House |
| 21:42 | Create | Fishing Ship |
| 21:48 | Create | Villager (Male) |
| 22:16 | Age | Castle Age |
| 22:19 | Create | Villager (Male) |
| 22:22 | Research | Fletching |
| 22:26 | Research | Bow Saw |
| 22:53 | Research | Pikeman (upgrade) |
| 22:54 | Create | Villager (Male) |
| 23:12 | Build | Town Center |
| 23:36 | Create | Spearman |
| 23:39 | Create | Villager (Male) |
| 23:39 | Create | Villager (Male) |
| 23:39 | Create | Villager (Male) |
| 23:52 | Create | Villager (Male) |
| 23:53 | Create | Villager (Male) |
| 23:54 | Create | Villager (Male) |
| 24:03 | Build | House |
| 24:03 | Build | House |
| 24:04 | Build | House |
| 24:05 | Build | House |
| 24:12 | Create | Villager (Male) |
| 24:26 | Build | Castle |
| 24:33 | Build | House |
| 24:38 | Build | House |
| 24:48 | Build | House |
| 24:52 | Create | Villager (Male) |
| 24:53 | Create | Villager (Male) |
| 25:05 | Create | Villager (Male) |
| 25:13 | Build | Mining Camp |
| 25:20 | Create | Villager (Male) |
| 25:23 | Research | Bodkin Arrow |
| 25:27 | Create | Villager (Male) |
| 25:58 | Create | Fishing Ship |
| 26:12 | Create | Villager (Male) |
| 26:13 | Create | Villager (Male) |
| 26:45 | Create | Villager (Male) |
| 26:46 | Create | Villager (Male) |
| 26:46 | Create | Villager (Male) |
| 27:07 | Create | Villager (Male) |
| 27:19 | Research | Padded Archer Armor |
| 27:23 | Build | University |
| 27:35 | Research | Imperial Age |
| 27:37 | Create | Villager (Male) |
| 27:37 | Create | Villager (Male) |
Build order — the_dolphin_killing_Penguin
138 actions detected in the replay
| 0:32 | Build | Dock |
| 0:40 | Build | Town Center |
| 1:19 | Build | House |
| 2:54 | Create | Villager (Male) |
| 2:54 | Create | Villager (Male) |
| 2:54 | Create | Villager (Male) |
| 2:55 | Create | Villager (Male) |
| 3:57 | Create | Villager (Male) |
| 4:10 | Create | Fishing Ship |
| 4:41 | Create | Villager (Male) |
| 4:59 | Build | House |
| 5:16 | Create | Villager (Male) |
| 5:27 | Research | Loom |
| 5:53 | Create | Villager (Male) |
| 5:54 | Create | Villager (Male) |
| 6:40 | Create | Villager (Male) |
| 6:49 | Create | Villager (Male) |
| 6:50 | Create | Villager (Male) |
| 6:50 | Create | Villager (Male) |
| 7:10 | Create | Villager (Male) |
| 7:14 | Create | Villager (Male) |
| 7:24 | Build | House |
| 7:39 | Create | Fishing Ship |
| 8:10 | Create | Fishing Ship |
| 8:24 | Build | House |
| 8:51 | Create | Fishing Ship |
| 9:12 | Create | Villager (Male) |
| 9:26 | Create | Fishing Ship |
| 9:31 | Build | House |
| 10:06 | Create | Villager (Male) |
| 10:07 | Create | Villager (Male) |
| 10:19 | Build | Mill |
| 10:28 | Create | Villager (Male) |
| 10:54 | Research | Feudal Age |
| 11:01 | Build | Mining Camp |
| 11:23 | Build | Lumber Camp |
| 12:01 | Build | Dock |
| 12:04 | Create | Fishing Ship |
| 12:39 | Build | House |
| 12:57 | Create | Fishing Ship |
| 13:06 | Age | Feudal Age |
| 13:13 | Create | Villager (Male) |
| 13:14 | Research | Double-Bit Axe |
| 13:15 | Create | Villager (Male) |
| 13:25 | Build | Outpost |
| 13:27 | Build | House |
| 13:41 | Create | Villager (Male) |
| 13:56 | Create | Fishing Ship |
| 13:57 | Create | Fishing Ship |
| 14:24 | Create | Fishing Ship |
| 14:24 | Create | Fishing Ship |
| 14:25 | Create | Villager (Male) |
| 14:35 | Build | Market |
| 14:40 | Build | Blacksmith |
| 14:45 | Build | Palisade Wall |
| 14:52 | Build | House |
| 14:54 | Create | Villager (Male) |
| 15:09 | Build | House |
| 15:13 | Build | Palisade Wall |
| 15:30 | Create | Villager (Male) |
| 15:35 | Create | Fishing Ship |
| 15:35 | Create | Fishing Ship |
| 15:39 | Create | Fire Galley |
| 16:08 | Research | Castle Age |
| 16:37 | Create | Fire Galley |
| 16:38 | Create | Fire Galley |
| 16:39 | Create | Villager (Male) |
| 16:53 | Build | Mining Camp |
| 17:02 | Research | Gold Mining |
| 17:12 | Build | House |
| 17:16 | Build | House |
| 17:46 | Build | House |
| 17:55 | Build | Palisade Wall |
| 18:02 | Build | Palisade Wall |
| 18:04 | Build | Palisade Wall |
| 18:08 | Create | Villager (Male) |
| 18:19 | Research | Tech 906 |
| 18:27 | Create | Unit 2626 |
| 18:42 | Create | Fire Galley |
| 18:42 | Create | Fire Galley |
| 18:48 | Age | Castle Age |
| 19:04 | Create | Villager (Male) |
| 19:05 | Create | Villager (Male) |
| 19:09 | Create | Villager (Male) |
| 19:18 | Research | Bow Saw |
| 19:38 | Create | Villager (Male) |
| 20:16 | Build | Castle |
| 20:31 | Create | Villager (Male) |
| 20:41 | Create | Villager (Male) |
| 20:56 | Create | Villager (Male) |
| 21:06 | Create | Samurai |
| 21:06 | Create | Samurai |
| 21:19 | Research | Tech 905 |
| 21:31 | Create | Villager (Male) |
| 21:53 | Create | Samurai |
| 21:54 | Create | Samurai |
| 21:58 | Build | Siege Workshop |
| 22:20 | Create | Villager (Male) |
| 22:27 | Build | Blacksmith |
| 22:40 | Create | Villager (Male) |
| 22:48 | Create | Samurai |
| 22:50 | Create | Battering Ram |
| 22:54 | Build | Blacksmith |
| 22:55 | Create | Villager (Male) |
| 23:09 | Create | Battering Ram |
| 23:17 | Create | Villager (Male) |
| 23:17 | Create | Villager (Male) |
| 23:43 | Create | Villager (Male) |
| 23:44 | Create | Villager (Male) |
| 23:46 | Research | Gillnets |
| 23:47 | Create | Fishing Ship |
| 23:55 | Build | Dock |
| 24:03 | Create | Battering Ram |
| 24:04 | Create | Villager (Male) |
| 24:17 | Create | Samurai |
| 24:17 | Create | Samurai |
| 24:17 | Create | Samurai |
| 24:22 | Research | Scale Mail Armor |
| 24:30 | Build | Barracks |
| 24:36 | Build | Market |
| 24:44 | Create | Samurai |
| 24:44 | Create | Samurai |
| 24:49 | Research | Forging |
| 24:53 | Create | Samurai |
| 24:58 | Create | Villager (Male) |
| 24:58 | Create | Villager (Male) |
| 25:48 | Research | Chain Mail Armor |
| 25:51 | Research | Iron Casting |
| 26:25 | Create | Villager (Male) |
| 26:25 | Create | Villager (Male) |
| 26:26 | Research | Wheelbarrow |
| 26:30 | Build | Farm |
| 26:30 | Build | Farm |
| 26:32 | Build | Farm |
| 26:33 | Build | Farm |
| 27:00 | Build | Mill |
| 27:08 | Create | Samurai |
| 27:09 | Create | Villager (Male) |
Build order — Psycobast
96 actions detected in the replay
| 0:31 | Build | Town Center |
| 0:53 | Build | Dock |
| 2:29 | Build | House |
| 2:50 | Create | Villager (Male) |
| 2:50 | Create | Villager (Male) |
| 2:50 | Create | Villager (Male) |
| 2:51 | Create | Villager (Male) |
| 3:07 | Build | House |
| 4:22 | Create | Fishing Ship |
| 5:07 | Build | Lumber Camp |
| 6:12 | Create | Fishing Ship |
| 6:18 | Create | Fishing Ship |
| 7:13 | Build | Mill |
| 7:31 | Create | Villager (Male) |
| 7:42 | Create | Fishing Ship |
| 8:08 | Build | House |
| 8:14 | Create | Villager (Male) |
| 8:34 | Create | Fishing Ship |
| 8:53 | Create | Villager (Male) |
| 9:10 | Create | Fishing Ship |
| 9:31 | Create | Villager (Male) |
| 9:48 | Create | Villager (Male) |
| 9:50 | Create | Villager (Male) |
| 10:01 | Create | Fishing Ship |
| 10:19 | Create | Villager (Male) |
| 10:21 | Create | Fishing Ship |
| 10:51 | Build | House |
| 10:57 | Create | Fishing Ship |
| 11:33 | Create | Fishing Ship |
| 12:02 | Create | Fishing Ship |
| 12:35 | Research | Feudal Age |
| 13:18 | Build | Farm |
| 13:21 | Build | Farm |
| 13:27 | Create | Fishing Ship |
| 13:36 | Build | House |
| 13:39 | Create | Villager (Male) |
| 13:40 | Create | Villager (Male) |
| 13:52 | Build | House |
| 14:45 | Age | Feudal Age |
| 14:51 | Build | Watch Tower |
| 15:06 | Create | Demolition Raft |
| 15:14 | Build | Farm |
| 15:33 | Research | Double-Bit Axe |
| 15:45 | Create | Villager (Male) |
| 15:45 | Create | Villager (Male) |
| 15:53 | Build | Mining Camp |
| 16:23 | Create | Fishing Ship |
| 16:23 | Create | Fishing Ship |
| 16:23 | Create | Fishing Ship |
| 16:28 | Research | Tech 906 |
| 16:29 | Create | Fishing Ship |
| 16:29 | Create | Fishing Ship |
| 16:29 | Create | Fishing Ship |
| 16:30 | Create | Villager (Male) |
| 16:57 | Build | Mill |
| 17:01 | Create | Villager (Male) |
| 17:02 | Create | Villager (Male) |
| 17:18 | Build | House |
| 17:36 | Create | Fishing Ship |
| 17:42 | Create | Villager (Male) |
| 18:07 | Build | House |
| 18:10 | Create | Villager (Male) |
| 18:19 | Build | Farm |
| 18:30 | Build | House |
| 18:38 | Build | House |
| 18:54 | Build | Lumber Camp |
| 19:37 | Build | Farm |
| 19:37 | Build | Farm |
| 19:37 | Build | Farm |
| 19:39 | Build | Farm |
| 19:57 | Build | Blacksmith |
| 19:58 | Create | Villager (Male) |
| 19:58 | Create | Villager (Male) |
| 20:07 | Build | Lumber Camp |
| 21:10 | Build | Market |
| 21:48 | Research | Castle Age |
| 21:56 | Build | Lumber Camp |
| 22:05 | Research | Scale Barding Armor |
| 22:06 | Research | Forging |
| 22:10 | Research | Gold Mining |
| 22:37 | Research | Wheelbarrow |
| 23:19 | Build | Barracks |
| 23:29 | Create | Villager (Male) |
| 23:30 | Create | Villager (Male) |
| 23:42 | Build | Mining Camp |
| 24:16 | Build | Stable |
| 24:28 | Age | Castle Age |
| 24:35 | Research | Bow Saw |
| 24:55 | Build | Lumber Camp |
| 25:21 | Research | Husbandry |
| 25:53 | Create | Knight |
| 25:53 | Create | Knight |
| 26:06 | Create | Knight |
| 26:07 | Create | Knight |
| 26:30 | Build | Town Center |
| 26:38 | Create | Knight |
Match timeline
| 0:32 | the_dolphin_killing_Penguin · first_building Dock |
| 0:53 | Psycobast · first_building Dock |
| 0:53 | lorddoc · first_building Dock |
| 0:59 | lorddoc · wall_segment Palisade Wall x1 |
| 1:17 | Chili · first_building Dock |
| 1:45 | Confiturier · first_building Dock |
| 2:05 | LT_OmniSK · first_building Dock |
| 6:39 | lorddoc · wall_segment Palisade Wall x1 |
| 12:17 | Chili · age_up feudal |
| 12:35 | lorddoc · wall_segment Palisade Wall x1 |
| 12:36 | Confiturier · first_building Barracks |
| 12:36 | lorddoc · wall_segment Palisade Wall x1 |
| 12:50 | Confiturier · age_up feudal |
| 13:02 | lorddoc · age_up feudal |
| 13:06 | the_dolphin_killing_Penguin · age_up feudal |
| 13:08 | LT_OmniSK · age_up feudal |
| 13:10 | Chili · wall_segment Palisade Wall x1 |
| 13:37 | Confiturier · wall_segment Palisade Wall x4 |
| 13:41 | Confiturier · wall_segment Palisade Wall x6 |
| 13:45 | Confiturier · wall_segment Palisade Wall x5 |
| 14:44 | Confiturier · wall_segment Palisade Wall x3 |
| 14:45 | Psycobast · age_up feudal |
| 14:45 | the_dolphin_killing_Penguin · wall_segment Palisade Wall x1 |
| 15:13 | the_dolphin_killing_Penguin · wall_segment Palisade Wall x1 |
| 15:55 | the_dolphin_killing_Penguin · first_market_buy 100 food |
| 16:12 | Confiturier · wall_segment Palisade Wall x1 |
| 16:18 | Confiturier · wall_segment Palisade Wall x3 |
| 16:20 | Confiturier · wall_segment Palisade Wall x1 |
| 16:34 | LT_OmniSK · first_building Barracks |
| 16:57 | Confiturier · age_up castle |
| 17:13 | Confiturier · first_building Siege Workshop |
| 17:55 | the_dolphin_killing_Penguin · wall_segment Palisade Wall x11 |
| 18:02 | the_dolphin_killing_Penguin · wall_segment Palisade Wall x1 |
| 18:04 | the_dolphin_killing_Penguin · wall_segment Palisade Wall x1 |
| 18:48 | the_dolphin_killing_Penguin · age_up castle |
| 19:11 | Chili · first_market_buy 100 food |
| 20:16 | the_dolphin_killing_Penguin · first_building Castle |
| 20:38 | Confiturier · first_building Archery Range |
| 21:37 | lorddoc · age_up castle |
| 21:43 | Chili · first_building Barracks |
| 21:48 | lorddoc · wall_segment Palisade Wall x1 |
| 21:49 | lorddoc · wall_segment Palisade Wall x1 |
| 21:54 | Chili · age_up castle |
| 21:58 | the_dolphin_killing_Penguin · first_building Siege Workshop |
| 22:02 | lorddoc · first_market_buy 100 stone |
| 22:05 | Chili · wall_segment Palisade Wall x4 |
| 22:16 | LT_OmniSK · age_up castle |
| 22:49 | Confiturier · first_market_buy 100 food |
| 23:05 | Chili · first_building Stable |
| 23:08 | LT_OmniSK · first_market_buy 100 wood |
| 23:19 | Psycobast · first_building Barracks |
| 24:16 | Psycobast · first_building Stable |
| 24:26 | LT_OmniSK · first_building Castle |
| 24:28 | Psycobast · age_up castle |
| 24:30 | the_dolphin_killing_Penguin · first_building Barracks |
| 25:26 | lorddoc · first_building Barracks |
| 26:53 | lorddoc · first_building Archery Range |
| 27:02 | Confiturier · resign |
| 27:31 | LT_OmniSK · first_market_sell 100 food |
[ AI ANALYSIS · 1 CREDIT ]
What really happened in this match?
Wolo.gg analyzes every decision: build order, eco, micro, common mistakes by bracket. Personalized analysis on WhatsApp or Discord in 30 seconds.
Civ guide
Incas
Perfil
Jugador #17530735